 Dungeon Crawl Stone Soup version 0.26.1-2-gb8aa6d0cf2 (webtiles) character file.

Game seed: 1522257846080830781

62 Elvor the Cudgeller (level 4, 0/27 HPs)
             Began as a Gargoyle Warper on Mar 4, 2021.
             Slain by an adder skeleton (3 damage)
             ... on level 3 of the Dungeon.
             The game lasted 00:09:28 (1434 turns).

Elvor the Cudgeller (Gargoyle Warper)               Turns: 1434, Time: 00:09:29

Health: 0/27       AC:  7    Str: 15    XL:     4   Next: 8%
Magic:  7/7        EV: 11    Int: 14    God:
Gold:   61         SH:  0    Dex:  9    Spells: 5/7 levels left

rFire    . . .     SeeInvis .   a - +0 mace
rCold    . . .     Faith    .   (no shield)
rNeg     + . .     Spirit   .   b - +0 leather armour
rPois    ∞         Reflect  .   (no helmet)
rElec    +         Harm     .   m - +0 cloak
rCorr    .         Rampage  .   (no gloves)
Will     .....                  (no boots)
Stlth    +.........             (no amulet)
HPRegen  0.09/turn              (no ring)
MPRegen  0.10/turn              (no ring)

@: no status effects
A: negative energy resistance 1, electricity resistance, unbreathing,
petrification resistance, miasma immunity, AC +3
a: no special abilities


You were on level 3 of the Dungeon.
You visited 1 branch of the dungeon, and saw 3 of its levels.

You collected 61 gold pieces.

Inventory:

Hand Weapons
 a - a +0 mace (weapon)
Missiles
 e - 5 boomerangs of dispersal
 h - 64 stones
 j - 14 poisoned darts (quivered)
Armour
 b - a +0 leather armour (worn)
 c - a +0 plate armour
 m - a +0 cloak (worn)
Scrolls
 d - a scroll of blinking
 f - a scroll of teleportation {unknown}
 i - a scroll of random uselessness {unknown}
 k - 3 scrolls of fear {unknown}
 n - 3 scrolls of remove curse {unknown}
 o - a scroll of enchant armour {unknown}
 p - a scroll of enchant weapon {unknown}
Potions
 g - 2 potions of curing {unknown}
 l - a potion of heal wounds {unknown}
 q - a potion of brilliance {unknown}


   Skills:
 + Level 2.3 Fighting
 * Level 3.3 Maces & Flails
 + Level 0.9 Throwing
 + Level 1.8 Armour
 + Level 1.7 Dodging
 + Level 2.0 Spellcasting
 + Level 3.1 Translocations


You had 5 spell levels left.
You knew the following spells:

 Your Spells              Type           Power        Failure   Level
a - Blink                 Tloc           N/A          12%         2

Your spell library contained the following spells:

 Spells                   Type           Power        Failure   Level
 Gell's Gravitas          Tloc           5%           24%         3
 Lesser Beckoning         Tloc           5%           24%         3
 Teleport Other           Tloc           10%          24%         3
 Passage of Golubria      Tloc           N/A          63%         4


Dungeon Overview and Level Annotations

Branches:
Dungeon (2/15)

Altars:


Innate Abilities, Weirdness & Mutations

You are resistant to torment.
Your stone body is resilient. (AC +3)
You are immune to poison.
You resist negative energy. (rN+)
You are resistant to electric shocks. (rElec)
You can survive without breathing.
You are immune to petrification.
You are immune to miasma.


Message History

You hit the orc priest.
The orc priest is almost dead.
The adder skeleton closely misses you.
The orc priest hits you but does no damage.
The adder skeleton bites you but does no damage.
You hit the orc priest but do no damage.
The orc priest is almost dead.
The orc priest looks satisfied for a moment.
The adder skeleton completely misses you.
The orc priest barely misses you.
You closely miss the orc priest.
The orc priest is almost dead.
The adder skeleton misses you.
The orc priest calls down the wrath of Beogh upon you.
Pain shoots through your body!
* * * LOW HITPOINT WARNING * * *
You barely miss the orc priest.
The orc priest is almost dead.
The adder skeleton bites you.
You die...

##############
#^............
#.###############.#
#.....)..[.@Z.....#
############o..####
....... ...(.##
....$# .....#
.....# P.)...


You could see an orc priest and an adder skeleton.

Vanquished Creatures
  2 adders (D:2)
  A worm (D:2)
  A leopard gecko (D:2)
  An orc (D:3)
  A giant cockroach (D:1)
  8 goblins
  3 hobgoblins (D:2)
  4 jackals (D:2)
  3 kobolds
  4 bats
  3 frilled lizards
  5 rats
36 creatures vanquished.

Notes
Turn   | Place    | Note
-------+----------+-------------------------------------------
     0 | D:1      | Elvor the Gargoyle Warper began the quest for the Orb.
     0 | D:1      | Reached XP level 1. HP: 12/12 MP: 3/3
   198 | D:1      | Reached XP level 2. HP: 7/17 MP: 5/5
   203 | D:1      | Learned a level 2 spell: Blink
  1140 | D:2      | Reached XP level 3. HP: 22/22 MP: 6/6
  1296 | D:2      | Reached XP level 4. HP: 16/27 MP: 7/7
  1401 | D:2      | You fall into a shaft and drop 1 floor!
  1434 | D:3      | Slain by an adder skeleton

Illustrated notes

Levels and vault maps discovered:
D:1:      dpeg_arrival_three_same_balls, layout_basic, minmay_misc_feat_columns
D:2:      layout_basic
D:3:      layout_basic, chequers_temple_overflow_statue_of_worship,
          serial_undead, serial_undead_b, serial_undead_e, serial_undead_c,
          serial_undead_a

Skill      XL: |  1  2  3 |
---------------+----------+-----
Translocations | 3 |  3.1
Maces & Flails | 3 |  3.3
Fighting       | |  2.3
Throwing       | |  0.9
Armour         | |  1.8
Dodging        | |  1.7
Spellcasting   | |  2.0

Action                   |  1- 3 |  4- 6 || total
-------------------------+-------+-------++-------
Melee: Mace              |   118 |    19 ||   137
Throw: Dart              |    17 |       ||    17
Armor: Leather armour    |    50 |     9 ||    59
Dodge: Dodged            |    86 |    20 ||   106
